[Event "Live Chess"]
[Site "Chess.com"]
[Date "2023.05.21"]
[Round "-"]
[White "Conradical12"]
[Black "ProfPoisson"]
[Result "0-1"]
[WhiteElo "1605"]
[BlackElo "1139"]
[TimeControl "300"]
[EndTime "23:12:35 PDT"]
[Termination "ProfPoisson won by resignation"]

1. e4 e5 2. f4 d5 3. exd5 c6 4. dxc6 Nxc6 5. Nc3 Bc5 6. Bc4 Qd4 7. Qe2 Bg4 8. Nf3 Bxf3 9. gxf3 Nge7 10. d3 O-O 11.
Rb1 Rfe8 12. Be3 Qxe3 13. Qxe3 Bxe3 14. f5 Nxf5 15. Ne4 Ncd4 16. Rf1 Nxc2+ 17. Ke2 Ncd4+ 18. Kd1 Rac8 19. Ng5 Re7 20. Ne4 a6 21. Nd2 Bh6 22. Rc1 Ne3+ 23. Ke1 Nxf1 24. Bxf7+ Kxf7 25. Rxc8 Bxd2+ 26. Kxf1 Nxf3 0-1

[Event "Live Chess"]
[Site "Chess.com"]
[Date "2023.05.21"]
[Round "-"]
[White "tuppyglossop"]
[Black "Nazarenko_vital"]
[Result "1-0"]
[WhiteElo "1640"]
[BlackElo "1632"]
[TimeControl "300"]
[EndTime "23:12:48 PDT"]
[Termination "tuppyglossop won on time"]

1. e4 d5 2. exd5 Qxd5 3. Nc3 Qa5 4. d4 Nf6 5. Bd3 Bg4 6. f3 Bh5 7. Ne2 e6 8. O-O c6 9. Bd2 Qc7 10. Ne4 Nxe4 11. Bxe4 Nd7 12. c4 Nf6 13. Bc2 Bd6 14. h3 Bg6 15. Nc3 Bh2+ 16. Kh1 Bg3 17. Be4 O-O-O 18. Qe2 Bf4 19. Be3 Bxe3 20. Qxe3 a6 21. Rad1 Nh5 22. Rfe1 Ng3+ 23. Kg1 Nf5 24. Bxf5 Bxf5 25.
Ne4 h6 26. c5 Bxe4 27. fxe4 g5 28. a3 Rhg8 29. Qf3 Qf4 30. Qxf4 gxf4 31. Rd3 Rg7 32. Kf2 Rdg8 33. Rg1 h5 34. d5 cxd5 35. exd5 Rg3 36. Rxg3 fxg3+ 37. Kf3 exd5 38. Rd1 Rg5 39. b4 1-0

[Event "Live Chess"]
[Site "Chess.com"]
[Date "2023.05.21"]
[Round "-"]
[White "Doge_Dandolo"]
[Black "Tushinskiy"]
[Result "0-1"]
[WhiteElo "1894"]
[BlackElo "2202"]
[TimeControl "300"]
[EndTime "23:13:07 PDT"]
[Termination "Tushinskiy won by resignation"]

1. Nf3 d5 2. c4 c6 3. g3 Nf6 4.
Bg2 e6 5. d4 Bd6 6. Qc2 Nbd7 7.
Nbd2 Qe7 8. O-O O-O 9. e4 dxe4 10. Nxe4 Nxe4 11. Qxe4 Nf6 12. Qc2 h6 13. Re1 Qc7 14. Be3 b6 15. Rad1 Bb7 16. b3 Rad8 17. c5 Be7 18. Bf4 Qc8 19. Ne5 Nd5 20. a3 Nxf4 21. gxf4 Bf6 22. b4 Qc7 23. Re3 Bxe5 24. fxe5 Rd7 25.
Rg3 Rfd8 26. Qc1 Qxe5 27. Qxh6 Qxg3 0-1

[Event "Live Chess"]
[Site "Chess.com"]
[Date "2023.05.21"]
[Round "-"]
[White "tpm07"]
[Black "MaximKris"]
[Result "1-0"]
[WhiteElo "1921"]
[BlackElo "1858"]
[TimeControl "300"]
[EndTime "23:13:08 PDT"]
[Termination "tpm07 won by checkmate"]

1. e4 e5 2. Nf3 Nc6 3. Bb5 a6 4. Ba4 Nf6 5. O-O Bc5 6. c3 b5 7. Bc2 d6 8. d4 exd4 9. cxd4 Bb6 10.
Nc3 O-O 11. Bg5 h6 12. Bh4 Bg4 13. a3 Nxd4 14. Qd3 Nxf3+ 15. gxf3 Bh3 16. e5 Bxf1 17. Qf5 g6 18. Qf4 dxe5 19. Qxh6 Bc4 20. Ne4 Bxf2+ 21. Nxf2 Qd6 22. Rd1 Qe6 23. b3 Bd5 24. Bxf6 Qxf6 25.
Rxd5 Qg7 26. Qe3 Rad8 27. Rxe5 Rd6 28. Ng4 Rfd8 29. Nh6+ Kh7 30. Nxf7 Rf6 31. Ng5+ Kh8 32. Re7 Qg8 33. Rh7+ Qxh7 34. Nxh7 Kxh7 35. Qe7+ Kh6 36.
Qxf6 Kh5 37. Qxd8 Kh6 38. Qh4+ Kg7 39. Qg4 Kg8 40. Qxg6+ Kh8 41. Qh7# 1-0

[Event "Live Chess"]
[Site "Chess.com"]
[Date "2023.05.21"]
[Round "-"]
[White "JohanKjeldahl"]
[Black "LutherSullivan"]
[Result "0-1"]
[WhiteElo "1869"]
[BlackElo "2193"]
[TimeControl "300"]
[EndTime "23:13:14 PDT"]
[Termination "LutherSullivan won by resignation"]

1. c4 e5 2. Nc3 Bb4 3. Qc2 Ne7 4. e3 O-O 5. Nf3 d6 6. Be2 f6 7. O-O Be6 8. b3 c6 9. Bb2 d5 10. cxd5 cxd5 11. a3 Bd6 12. Nb5 Nbc6 13. Rac1 Bb8 14. d4 e4 15. Nd2 a6 16. Nc3 f5 17. f4 exf3 18. Nxf3 f4 19. Nd1 Bf5 20. Bd3 Bxd3 21. Qxd3 Nf5 22. e4 dxe4 23. Qxe4 Ba7 24. Kh1 Ncxd4 25. Nxd4 Bxd4 26. Bxd4 Qxd4 27. Rxf4 Qxe4 28. Rxe4 Rae8 29. Rcc4 Nd6 30. Rxe8 Rxe8 0-1

[Event "Live Chess"]
[Site "Chess.com"]
[Date "2023.05.21"]
[Round "-"]
[White "Mikhail_Golubev"]
[Black "aliciabutteriss"]
[Result "1-0"]
[WhiteElo "2505"]
[BlackElo "568"]
[TimeControl "300"]
[EndTime "23:13:44 PDT"]
[Termination "Mikhail_Golubev won by resignation"]

1. Na3 e5 2. Nc4 Nc6 3. e4 Nf6 4. d3 d5 5. exd5 Qxd5 6. Nf3 Bc5 7. Be2 h6 8. O-O O-O 9. Be3 Re8 10. Nfd2 b6 11.
Bf3 Qe6 12. Bxc5 bxc5 13. Nb3 Nd4 14. Nxd4 cxd4 15. Bxa8 c5 16. Re1 e4 17. Bxe4 Nxe4 18.
Rxe4 1-0

[Event "Live Chess"]
[Site "Chess.com"]
[Date "2023.05.21"]
[Round "-"]
[White "Singapourfeuj"]
[Black "OleksiyJr1"]
[Result "1-0"]
[WhiteElo "2214"]
[BlackElo "965"]
[TimeControl "300"]
[EndTime "23:13:52 PDT"]
[Termination "Singapourfeuj won by resignation"]

1. d4 Nf6 2. Nf3 c6 3. c4 d5 4.
Nc3 e6 5. cxd5 exd5 6. Bg5 Nbd7 7. Qc2 Bb4 8. e3 O-O 9. Bd3 h6 10. Bh4 Be7 11. O-O Nb6 12. Ne5 Be6 13. f4 Nfd7 14. Bxe7 Qxe7 15. Rae1 Nxe5 16. fxe5 f6 17. exf6 Rxf6 18. Rxf6 Qxf6 19. Rf1 Qe7 20. Qf2 Rf8 21.
Qxf8+ Qxf8 22. Rxf8+ Kxf8 23. Kf2 Ke7 24. a3 Kd6 25. b4 Nd7 26. g3 b5 27. e4 Nf6 28.
e5+ Ke7 29. exf6+ Kxf6 30. Ne2 Kg5 31. Nf4 Bf5 32. Bxf5 Kxf5 33. Ke3 Kg4 34. Kf2 Kf5 35. Kf3 g5 36. Nd3 g4+ 37. Ke3 Kg5 38. Ne5 h5 39. Nxc6 h4 40. Nxa7 hxg3 41. hxg3 Kf5 42. Nxb5 Ke6 43. a4 Kd7 44. a5 Kc6 45. Nc3 Kb7 46. b5 Kc7 47. Nxd5+ Kb7 48. Nf6 Kc7 49. Ke4 Kd6 50. Nxg4 Kc7 51. Kd5 1-0

[Event "Live Chess"]
[Site "Chess.com"]
[Date "2023.05.21"]
[Round "-"]
[White "martinsmartin63"]
[Black "seabuck"]
[Result "0-1"]
[WhiteElo "761"]
[BlackElo "1894"]
[TimeControl "300"]
[EndTime "23:13:58 PDT"]
[Termination "seabuck won by resignation"]

1. e4 c6 2. Nf3 d5 3. d4 dxe4 4.
Ne5 Nf6 5. Nc3 Bf5 6. f3 exf3 7. Qxf3 Bg6 8. Bd3 Qxd4 9. Bxg6 Qxe5+ 10. Be4 Nxe4 11.
Nxe4 f5 12. O-O Qxe4 13. Qxf5 Qxf5 14. Rxf5 Nd7 15. Be3 g6 16. Rf2 Bg7 17. Rd1 Bxb2 18. Bd4 Bxd4 19. Rxd4 Nf6 20. Rd3 O-O 21. Re3 Rfe8 22. g4 Nxg4 0-1

[Event "Live Chess"]
[Site "Chess.com"]
[Date "2023.05.21"]
[Round "-"]
[White "jbooth"]
[Black "Ocelot32"]
[Result "0-1"]
[WhiteElo "1667"]
[BlackElo "1385"]
[TimeControl "300"]
[EndTime "23:14:05 PDT"]
[Termination "Ocelot32 won by resignation"]

1. e4 e6 2. d4 d5 3. Nc3 dxe4 4. Nxe4 Nd7 5. Nf3 Ngf6 6. Bg5 Be7 7. Bxf6 Nxf6 8.
Bd3 b6 9. O-O Bb7 10. c3 O-O 11. Re1 Nxe4 12. Bxe4 Bxe4 13. Rxe4 Bd6 14. Qd3 Qf6 15. Rh4 h6 16. Re1 c5 17. Rh3 cxd4 18. cxd4 Bb4 19. Rf1 Rfd8 20. a3 Bd6 21. Re1 Rac8 22.
Qa6 Rc2 23. Qxa7 Rxb2 24. Ne5 Qxf2+ 0-1

[Event "Live Chess"]
[Site "Chess.com"]
[Date "2023.05.21"]
[Round "-"]
[White "Hacker_2009"]
[Black "BillythekidFellowes"]
[Result "1-0"]
[WhiteElo "1937"]
[BlackElo "2028"]
[TimeControl "300"]
[EndTime "23:14:09 PDT"]
[Termination "Hacker_2009 won by resignation"]

1. d4 d5 2. Nf3 Nf6 3. e3 Bg4 4.
Be2 e6 5. c4 c6 6. cxd5 exd5 7.
O-O Bd6 8. Nc3 O-O 9. b3 Bc7 10. Bb2 Qd6 11. g3 Ne4 12. Nxe4 dxe4 13. Ne5 Bxe2 14.
Qxe2 Nd7 15. Nc4 Qg6 16. Rfd1 f5 17. d5 cxd5 18. Rxd5 Nf6 19. Rd2 h5 20. Rad1 h4 21. Ne5 Qg5 22. Qc4+ Kh7 23. Qxc7 hxg3 24. hxg3 Nh5 25.
Nc4 Rac8 26. Qxb7 Qg4 27. Rd7 Rb8 28. Qxa7 Ra8 29. Qc7 Rac8 30. Qd6 f4 31. exf4 Rxf4 32. Ne3 Qg6 33. Qxg6+ 1-0

[Event "Live Chess"]
[Site "Chess.com"]
[Date "2023.05.21"]
[Round "-"]
[White "CeladonFish"]
[Black "YrrriKharkiv"]
[Result "0-1"]
[WhiteElo "1089"]
[BlackElo "2033"]
[TimeControl "300"]
[EndTime "23:14:47 PDT"]
[Termination "YrrriKharkiv won by resignation"]

1. d4 Nf6 2. c4 c5 3. dxc5 g6 4. Nc3 Qa5 5. Bd2 Qxc5 6. Nf3 Bg7 7.
e3 d6 8. Be2 O-O 9. O-O a6 10.
a3 Be6 11. b4 Qc7 12. Rc1 Bxc4 13. Na4 b5 14. Nb2 d5 15. e4 Nxe4 16. Bxc4 dxc4 17. Rxc4 0-1

[Event "Live Chess"]
[Site "Chess.com"]
[Date "2023.05.21"]
[Round "-"]
[White "KeithArkell"]
[Black "Ferrarifan27"]
[Result "1-0"]
[WhiteElo "2562"]
[BlackElo "2065"]
[TimeControl "300"]
[EndTime "23:15:22 PDT"]
[Termination "KeithArkell won on time"]

1. d4 Nf6 2. Nf3 d5 3. c4 e6 4. cxd5 exd5 5. Nc3 c6 6. Qc2 Bd6 7. Bg5 h6 8. Bxf6 Qxf6 9. Nxd5 Qd8 10. Nc3 O-O 11.
e3 Re8 12. Be2 Bg4 13. O-O Bc7 14. Rad1 Qd6 15. Ne5 Bxe2 16. Qxe2 Nd7 17. Nf3 Nf6 18. h3 Rad8 19. Qc4 Nh7 20. Ne5 Re7 21. Ne4 Qd5 22. Qxd5 cxd5 23. Nc5 Bxe5 24. dxe5 Rxe5 25. Nxb7 Rb8 26. Na5 Rxb2 27. Nc6 Re6 28. Nxa7 Rxa2 29. Nb5 Nf6 30. Ra1 Rb2 31. Nd4 Reb6 32. Ra8+ Kh7 33. Ra7 Rb7 34. Rxb7 Rxb7 35. Ra1 Kg6 36. g4 Rb2 37.
Ra6 Kh7 38. Ra7 Kg8 39. f3 Rd2 40. Ra8+ Kh7 41. Nf5 g6 42. Nd6 Rd3 43. Ra7 Ng8 44. Rxf7+ Kh8 45. Kf2 Rd2+ 46. Kg3 Rd3 47. Kf2 Rd2+ 48.
Kf1 Rd1+ 49. Ke2 Rh1 50. Rd7 Rxh3 51. Nf7+ Kg7 52. Ng5+ 1-0

[Event "Live Chess"]
[Site "Chess.com"]
[Date "2023.05.21"]
[Round "-"]
[White "Hoogleboogle"]
[Black "Mugzwang"]
[Result "0-1"]
[WhiteElo "1338"]
[BlackElo "1688"]
[TimeControl "300"]
[EndTime "23:16:29 PDT"]
[Termination "Mugzwang won by resignation"]

1. d4 d5 2. c4 dxc4 3. e4 e5 4. d5 Nf6 5. Nc3 b5 6. Nf3 Bb4 7. Nxe5 Nxe4 8. a3 Nxc3 9. Qf3 Nxd5+ 10. Bd2 Bxd2+ 11. Kxd2 Nf6+ 12. Kc3 Qd5 13. Qe3 O-O 14. Rd1 Qe4 15. Rd4 Qxe3+ 16. fxe3 Bb7 17. Rg1 Nc6 18. Nxc6 Bxc6 19. g3 Ne4+ 20. Kc2 Rad8 21. Bg2 Rxd4 22. exd4 Rd8 23. Rd1 Rd6 24. Bxe4 Bxe4+ 25. Kc3 f5 26. Re1 a6 27. g4 g6 28. gxf5 gxf5 29. Rg1+ Rg6 30. Rxg6+ hxg6 31. h4 Kf7 32. Kd2 Ke6 33.
Ke3 Kd5 34. a4 bxa4 35. Kf4 Kxd4 36. Kg5 f4 37. Kxf4 Bc2 38. Kf3 c3 39. Ke2 cxb2 0-1

[Event "Live Chess"]
[Site "Chess.com"]
[Date "2023.05.21"]
[Round "-"]
[White "WilliamofOrange16th"]
[Black "hturner40"]
[Result "0-1"]
[WhiteElo "1815"]
[BlackElo "1803"]
[TimeControl "300"]
[EndTime "23:16:30 PDT"]
[Termination "hturner40 won by resignation"]

1. e4 Nc6 2. Nc3 e5 3. Nf3 Nf6 4. Bb5 Bd6 5. O-O O-O 6. d3 Ne7 7. a3 c6 8. Bc4 Bc7 9. Bg5 Ng6 10. d4 h6 11. Bxf6 Qxf6 12. d5 Nf4 13. Ne2 d6 14. Nxf4 Qxf4 15. Re1 Bg4 16. Re3 Bb6 17. Rb3 Qxe4 18.
Qd2 Qxc4 19. h3 Bxf3 20. Rxf3 Qxd5 21. Rd3 Qe4 22. Rxd6 Rad8 0-1

[Event "Live Chess"]
[Site "Chess.com"]
[Date "2023.05.21"]
[Round "-"]
[White "Driftboard"]
[Black "ossie57"]
[Result "0-1"]
[WhiteElo "755"]
[BlackElo "1927"]
[TimeControl "300"]
[EndTime "23:16:50 PDT"]
[Termination "ossie57 won by checkmate"]

1. e4 d5 2. exd5 Qxd5 3. Nc3 Qd8 4. Nf3 Bg4 5. Be2 Nf6 6. O-O e6 7. d3 c6 8. h3 Bh5 9. Ne5 Bg6 10. Nxg6 hxg6 11.
Bg5 Be7 12. Ne4 Nbd7 13. Bf4 e5 14. Nxf6+ gxf6 15. Bd2 Qc7 16. c3 O-O-O 17. d4 Kb8 18.
Qb3 Rh7 19. Bc4 Rf8 20. d5 cxd5 21. Bxd5 Nb6 22. Be3 Nxd5 23. Qxd5 Rd8 24. Qb3 f5 25.
Qa4 a6 26. Qb3 Bc5 27. Bxc5 Qxc5 28. Rfd1 Rxd1+ 29. Rxd1 Qc7 30. Qd5 Rh8 31. Qd7 Rc8 32. Qxc7+ Kxc7 33. Rd5 Re8 34. g4 Kc6 35. Rd2 f4 36.
Kg2 e4 37. h4 f6 38. h5 gxh5 39.
gxh5 Rh8 40. Kh3 Rxh5+ 41. Kg4 Rh7 42. Kxf4 Re7 43. Kf5 e3 44. fxe3 Rxe3 45. Kxf6 Kc5 46. Kf5 Re1 47. b3 Rc1 48. c4 Re1 49. Kf4 Re7 50. Kf5 Kb4 51. Kf6 Rc7 52. Kf5 Kc3 53. Kf4 Kxd2 54. Kf3 Kc2 55. Kf4 Kb2 56. Kf5 Kxa2 57.
Kf6 Kxb3 58. Kf5 Kxc4 59. Kf4 Rc5 60. Kf3 b5 61. Kf4 b4 62. Kf3 b3 63. Kf4 b2 64.
Kf3 b1=Q 65. Kf4 Rf5+ 66. Kg3 Qf1 67. Kg4 Rf8 68. Kg5 Rg8+ 69. Kh4 Qh1# 0-1

[Event "Live Chess"]
[Site "Chess.com"]
[Date "2023.05.21"]
[Round "-"]
[White "peter-785"]
[Black "Rusty_Bridges"]
[Result "0-1"]
[WhiteElo "1220"]
[BlackElo "1528"]
[TimeControl "300"]
[EndTime "23:17:17 PDT"]
[Termination "Rusty_Bridges won by resignation"]

1. e4 d6 2. Nf3 Nf6 3. Nc3 Nbd7 4. Bc4 h6 5. d4 e5 6. dxe5 dxe5 7. O-O c6 8. Be3 Qc7 9. Bb3 Bc5 10. Re1 O-O 11. Na4 Bb6 12. Nxb6 axb6 13. Bd2 Nc5 14. Bc3 Bg4 15. h3 Bxf3 16. Qxf3 Ncxe4 17. Rxe4 Nxe4 18. Qxe4 Rfe8 19. Qg4 b5 20. Re1 c5 21. a3 c4 22.
Ba2 Ra6 23. Rxe5 Rxe5 24. Bxe5 Qxe5 25. Qc8+ Kh7 26. Qxb7 Rf6 27. Qa6 Rxa6 0-1

[Event "Live Chess"]
[Site "Chess.com"]
[Date "2023.05.21"]
[Round "-"]
[White "Outspanner"]
[Black "Pandreq"]
[Result "1/2-1/2"]
[WhiteElo "1536"]
[BlackElo "1269"]
[TimeControl "300"]
[EndTime "23:17:20 PDT"]
[Termination "Game drawn - timeout vs insufficient material"]

1. d4 d5 2. Nc3 Nf6 3. Bf4 a6 4. e3 Bf5 5. f3 e6 6. g4 Bg6 7.
h4 h5 8. g5 Nfd7 9. Bd3 Bxd3 10. Qxd3 Nc6 11. Nge2 Bb4 12. a3 Ba5 13. b4 Bb6 14.
Na4 Qe7 15. Nc5 O-O-O 16. Nxd7 Qxd7 17. b5 axb5 18. Qxb5 Na7 19. Qb3 Qb5 20. Qxb5 Nxb5 21. Kf2 Kd7 22. Rhb1 Nd6 23. Nc3 Nc4 24. Ke2 Ra8 25.
a4 Ba5 26. Nb5 c6 27. Na3 b6 28. Nxc4 dxc4 29. Be5 Rhg8 30. e4 g6 31. Rd1 Rgc8 32.
f4 b5 33. axb5 cxb5 34. d5 Rd8 35. dxe6+ Kxe6 36. Rxd8 Rxd8 37. Bc3 Bc7 38. f5+ Ke7 39. Bf6+ Ke8 40. Bxd8 Bxd8 41. Rd1 Bc7 42. Rd5 Ke7 43. Kf3 gxf5 44. Rxb5 fxe4+ 45. Kxe4 Bg3 46. Rc5 Bxh4 47. Rxc4 Bxg5 48. Rc5 f6 49. c4 Kd7 50. Rc7+ Kxc7 51. Kf5 Kd7 52. c5 Kc6 53. Kg6 Kxc5 54. Kxh5 Be3 55. Kg4 1/2-1/2

[Event "Live Chess"]
[Site "Chess.com"]
[Date "2023.05.21"]
[Round "-"]
[White "elephantgerrald"]
[Black "nigelst"]
[Result "0-1"]
[WhiteElo "369"]
[BlackElo "1720"]
[TimeControl "300"]
[EndTime "23:17:22 PDT"]
[Termination "nigelst won by checkmate"]

1. e4 c6 2. d4 d5 3. e5 c5 4. dxc5 e6 5. Be3 Nd7 6. Nf3 Bxc5 7.
Bxc5 Nxc5 8. Qe2 Qb6 9. Qb5+ Qxb5 10. Bxb5+ Bd7 11. Bxd7+ Kxd7 12. Ng5 Ke7 13. O-O h6 14. Nf3 Rc8 15. Nc3 f6 16. exf6+ Nxf6 17. Rfe1 Nce4 18.
Nxe4 Nxe4 19. Ne5 Rhg8 20. Ng6+ Kd6 21. c3 Rc4 22. Rad1 Re8 23. Rd3 Kc7 24. b3 Rc6 25. Ne5 Rxc3 26. Rxc3+ Nxc3 27. Rc1 d4 28. Kf1 Kb6 29.
Nc4+ Ka6 30. Ke1 e5 31. a4 Nd5 32. Nd6 Rf8 33. Rc5 Nf4 34. b4 Nd3+ 35. Kd2 Nxc5 36.
b5+ Ka5 37. Nc4+ Kb4 38. Nxe5 Rxf2+ 39. Ke1 Rxg2 40. h4 Ne4 41. Nd3+ Kc3 42. Kf1 Kxd3 43. Kxg2 Ke2 44. a5 d3 45. b6 axb6 46. a6 bxa6 47.
h5 d2 48. Kh2 d1=Q 49. Kh3 Qf1+ 50. Kh4 Qf4+ 51. Kh3 Nf2+ 52. Kg2 Qf3+ 53. Kh2 Ng4+ 54. Kg1 Qf2+ 55. Kh1 Qh2# 0-1

[Event "Live Chess"]
[Site "Chess.com"]
[Date "2023.05.21"]
[Round "-"]
[White "Biranidun"]
[Black "Supertromp"]
[Result "1-0"]
[WhiteElo "2560"]
[BlackElo "2142"]
[TimeControl "300"]
[EndTime "23:17:35 PDT"]
[Termination "Biranidun won by resignation"]

1. e4 c5 2. Nf3 d6 3. d4 cxd4 4. Nxd4 Nf6 5. Nc3 g6 6. Be3 Bg7 7. f3 O-O 8. Qd2 Nc6 9. O-O-O d5 10. exd5 Nxd5 11. Nxc6 bxc6 12. Bd4 e5 13. Bc5 Re8 14. Ne4 Qc7 15. h4 f5 16. Nd6 Rd8 17. Nxc8 Raxc8 18. h5 Nb6 19. Bxb6 Rxd2 20. Bc4+ Kf8 21. Bxc7 Rxd1+ 22. Rxd1 Bh6+ 23. Kb1 Rxc7 24. Rd6 Kg7 25. Re6 Bf4 26. a4 gxh5 27. Bd3 Rf7 28. Rxc6 Rf6 29. Rc7+ Rf7 30. Rxf7+ Kxf7 31. Bxf5 h6 32. c3 Kf6 33. Bh3 Ke7 34. Kc2 Kd6 35. Kd3 h4 36. b4 Kd5 37.
Bf5 Kd6 38. Be4 Bc1 39. c4 Ba3 40. c5+ Kc7 41. Kc4 Bb2 42. b5 Bd4 43. a5 Be3 44. b6+ axb6 45. cxb6+ Kb8 46. Kb5 1-0

[Event "Live Chess"]
[Site "Chess.com"]
[Date "2023.05.21"]
[Round "-"]
[White "Duke_of_Bebington"]
[Black "Nazar_777"]
[Result "1-0"]
[WhiteElo "1573"]
[BlackElo "1597"]
[TimeControl "300"]
[EndTime "23:17:41 PDT"]
[Termination "Duke_of_Bebington won by checkmate"]

1. e4 e6 2. d4 a6 3. Nf3 h5 4.
Be3 c5 5. d5 Nf6 6. Bd3 Qc7 7.
c4 b6 8. h3 Be7 9. e5 Ng8 10. d6 Bxd6 11. exd6 Qxd6 12. Nc3 Qc7 13. a3 Nc6 14. Qd2 Nf6 15. Bg5 Bb7 16. Bxf6 gxf6 17. Be4 Rc8 18. Rd1 f5 19. Bxc6 Bxc6 20. Qe3 Rg8 21.
Rg1 b5 22. Qxc5 Bxf3 23. Qxc7 Rxc7 24. cxb5 Bxd1 25. Nxd1 axb5 26. Kd2 Ke7 27. Ne3 d5 28. b4 Rgc8 29. Rd1 d4 30. Nf1 e5 31. Ke1 Rc2 32. Nd2 e4 33. Nb3 d3 34. Nd4 Ra2 35. Nxf5+ Ke6 36. Nd4+ Ke5 37. Nxb5 Rcc2 38. f3 Rxg2 39.
Kf1 exf3 40. Nc3 Raf2+ 41. Ke1 Kf4 42. Rxd3 Kg3 43. Ne4+ Kxh3 44. Nxf2+ Kg3 45. Ne4+ Kf4 46. Nf2 h4 47. b5 Kg3 48. Ne4+ Kf4 49. Nf2 h3 50.
Nxh3+ Ke4 51. Nf2+ Kf4 52. b6 Rg1+ 53. Kd2 Rb1 54.
Rd6 Rb2+ 55. Ke1 Ke3 56. Rd3+ Kf4 57. Rd4+ Ke3 58. Re4# 1-0

[Event "Live Chess"]
[Site "Chess.com"]
[Date "2023.05.21"]
[Round "-"]
[White "Jo1ts"]
[Black "martynstanley"]
[Result "1-0"]
[WhiteElo "834"]
[BlackElo "1009"]
[TimeControl "300"]
[EndTime "23:17:42 PDT"]
[Termination "Jo1ts won by checkmate"]

1. d4 e6 2. Bf4 d5 3. Nf3 c5 4. e3 Nc6 5. c3 Qb6 6. Qc2 Nh6 7.
Bxh6 gxh6 8. Nbd2 Qc7 9. Bb5 b6 10. O-O Bb7 11. e4 dxe4 12. Nxe4 O-O-O 13. Qa4 a6 14. Bxa6 Bxa6 15. Qxa6+ Qb7 16. Qxb7+ Kxb7 17. dxc5 bxc5 18. b4 cxb4 19. cxb4 Bxb4 20. Rab1 Ra8 21. Rb2 Kc7 22. Ne5 Ra6 23. Nxc6 Rxc6 24. Rxb4 f5 25. Nf6 e5 26. h3 Rxf6 27. Rd1 Rd6 28. Rc4+ Kd7 29. Rxd6+ Kxd6 30. Rb4 Rc8 31. Rb6+ Rc6 32.
Rxc6+ Kxc6 33. g4 fxg4 34. hxg4 Kc5 35. Kg2 Kc4 36. Kg3 Kb4 37. f4 exf4+ 38. Kxf4 Ka3 39.
Kf5 Kxa2 40. Kf6 h5 41. gxh5 h6 42. Kg7 Kb3 43. Kxh6 Kc3 44. Kg7 Kd4 45. h6 Kc4 46. h7 Kd4 47. h8=Q Kc5 48. Qd8 Kc4 49. Kf6 Kb3 50.
Qc8 Kb4 51. Ke5 Kb3 52. Kd4 Kb2 53. Kd3 Ka3 54. Qb8 Ka2 55. Kc3 Ka1 56. Kc2 Ka2 57.
Qb2# 1-0

[Event "Live Chess"]
[Site "Chess.com"]
[Date "2023.05.21"]
[Round "-"]
[White "WilliamofOrange16th"]
[Black "KeithArkell"]
[Result "0-1"]
[WhiteElo "1815"]
[BlackElo "2562"]
[TimeControl "300"]
[EndTime "23:18:44 PDT"]
[Termination "KeithArkell won by resignation"]

1. b3 b5 2. Bb2 Bb7 3. Nf3 e6 4. e3 b4 5. a3 a5 6. axb4 axb4 7. Rxa8 Bxa8 8. d4 Nf6 9. Nbd2 c5 10. c3 bxc3 11.
Bxc3 cxd4 12. Nxd4 Nc6 13. N2f3 Nxd4 14. Nxd4 Qb6 15.
f3 Nd5 16. Bd2 Bb4 17. Bc4 Nxe3 18. Qe2 Bxd2+ 19. Qxd2 Qxd4 20. Qxd4 Nc2+ 21. Kd2 Nxd4 0-1

[Event "Live Chess"]
[Site "Chess.com"]
[Date "2023.05.21"]
[Round "-"]
[White "Long1968"]
[Black "minenko-1958"]
[Result "0-1"]
[WhiteElo "1045"]
[BlackElo "1430"]
[TimeControl "300"]
[EndTime "23:19:05 PDT"]
[Termination "minenko-1958 won on time"]

1. e4 e5 2. f4 exf4 3. Bc4 Bc5 4. Nf3 Nh6 5. d4 Bb6 6. Bxf4 d6 7. Nc3 Ba5 8. O-O Bxc3 9. bxc3 Ng4 10. Ng5 O-O 11. Nxf7 Rxf7 12. Bxd6 Qxd6 13. e5 Qh6 14. Qxg4 Bxg4 15. Rxf7 Be6 16. Bxe6 Qxe6 17. Rxc7 b6 0-1

[Event "Live Chess"]
[Site "Chess.com"]
[Date "2023.05.21"]
[Round "-"]
[White "chessfiction"]
[Black "LaupMiths"]
[Result "1-0"]
[WhiteElo "2346"]
[BlackElo "1815"]
[TimeControl "300"]
[EndTime "23:19:21 PDT"]
[Termination "chessfiction won by resignation"]

1. e4 c5 2. Nf3 e6 3. d4 cxd4 4. Nxd4 Nc6 5. g3 a6 6. Bg2 Bc5 7. Nb3 Be7 8. O-O d6 9. c4 Nf6 10. Nc3 O-O 11. Be3 Qc7 12. Qe2 b6 13. Rac1 Bb7 14.
Nd5 exd5 15. cxd5 Qd7 16. dxc6 Bxc6 17. Rfd1 Qb7 18. Rxc6 Qxc6 19. e5 Ne4 20. exd6 Bxd6 21. Bxe4 Qxe4 22. Rxd6 Rfd8 23. Nd2 Qc2 24. Rxb6 Rac8 25.
Qxa6 Ra8 26. Qe2 Rxa2 27. Bg5 Rc8 28. Qg4 Ra1+ 29. Kg2 Qc1 30. Nb1 Qc7 31. Nc3 Ra5 32.
Bf6 g6 33. Rb4 Re8 34. Re4 Qc6 35. Qf3 Rxe4 36. Nxe4 Rf5 37. Qd3 Rxf6 38. Qd8+ Kg7 39. Qxf6+ Qxf6 40. Nxf6 Kxf6 41. Kf3 Ke5 42. b4 Kd5 43. Kf4 Kc4 44. Kg5 Kxb4 45. Kf6 Kc4 46. Kxf7 Kd4 47. Kg7 g5 48. Kxh7 Ke4 49. Kg6 g4 50.
Kg5 Kf3 51. Kf5 Kxf2 52. Kxg4 1-0

[Event "Live Chess"]
[Site "Chess.com"]
[Date "2023.05.21"]
[Round "-"]
[White "mirandaasilva"]
[Black "Shepherds_Pie"]
[Result "0-1"]
[WhiteElo "1634"]
[BlackElo "1911"]
[TimeControl "300"]
[EndTime "23:19:27 PDT"]
[Termination "Shepherds_Pie won by checkmate"]

1. g3 Nf6 2. Bg2 g6 3. d4 Bg7 4. c4 O-O 5. Nc3 d6 6. Nf3 c5 7. d5 e6 8. dxe6 Bxe6 9. O-O Bxc4 10. b3 Be6 11. Bb2 Nc6 12. Ng5 Bg4 13. h3 Bf5 14. g4 Be6 15. Nce4 Nd4 16. Nxe6 fxe6 17. Bxd4 cxd4 18.
Qxd4 d5 19. Nc5 Qe7 20. Qe3 e5 21. g5 Ne4 22. Nxe4 dxe4 23. Bxe4 Rf4 24. Bd5+ Kh8 25. Qg3 Rd8 26. e4 b6 27. Rac1 Rdf8 28. Rc6 Qb4 29. Rc7 Qd2 30. Qc3 Qd4 31. Qxd4 exd4 32. Rxa7 d3 33.
Rxg7 Kxg7 34. Bc4 d2 35. Be2 Rxe4 36. Bd3 Rd4 37. Bc2 Rc8 38. Bd1 Rc1 39. Be2 d1=Q 40. Bxd1 Rcxd1 41. Rxd1 Rxd1+ 42. Kg2 Rd2 43. a4 Rb2 44. b4 Rxb4 45. a5 bxa5 46. h4 h5 47. Kg3 Kf7 48. f4 Ke6 49. Kf3 Kf5 50. Ke3 a4 51. Kd3 a3 52. Kc3 Rb8 53. Kd3 a2 54. Kd2 a1=Q 55. Ke2 Rb3 56. Kd2 Qa2+ 57. Kd1 Rb1# 0-1

[Event "Live Chess"]
[Site "Chess.com"]
[Date "2023.05.21"]
[Round "-"]
[White "Crowded_House"]
[Black "AttackingSnowLeopard"]
[Result "0-1"]
[WhiteElo "1698"]
[BlackElo "2137"]
[TimeControl "300"]
[EndTime "23:20:06 PDT"]
[Termination "AttackingSnowLeopard won by resignation"]

1. d4 d5 2. Bg5 h6 3. Bh4 Nf6 4. e3 Nbd7 5. Bd3 e6 6. Nd2 Bd6 7. Ngf3 O-O 8. O-O e5 9. dxe5 Nxe5 10. Nxe5 Bxe5 11. c3 c6 12. Nf3 Bg4 13. Be2 Bd6 14. h3 Bf5 15. Bd3 Bxd3 16. Qxd3 Qe7 17. Rfe1 Qe4 18.
Rad1 Qxd3 19. Rxd3 Ne4 20. Nd2 Nc5 21. Rd4 Be5 22.
Rg4 h5 23. Rg5 f6 24. Rf5 g6 25. Rxe5 fxe5 26. Be7 Nd3 27. Rb1 Rf7 28. Bg5 Rxf2 29. Nf3 Rxb2 30. Rxb2 Nxb2 31. Nxe5 Kg7 32. Nd7 Nc4 33. Nc5 b6 34. Ne6+ Kf7 35. Nc7 Rc8 36.
Na6 c5 37. Bf4 Ke7 38. Kf2 Kd7 39. Kf3 Nd2+ 40. Ke2 Ne4 41. Kd3 g5 42. Bh2 g4 43.
hxg4 hxg4 44. Ke2 g3 45. Bg1 Rf8 46. a3 Kc6 47. Nb4+ cxb4 48. cxb4 Kb5 49. Kd3 Rf1 50. Kd4 Rd1+ 0-1

[Event "Live Chess"]
[Site "Chess.com"]
[Date "2023.05.21"]
[Round "-"]
[White "MJMykh"]
[Black "KeithArkell"]
[Result "0-1"]
[WhiteElo "987"]
[BlackElo "2562"]
[TimeControl "300"]
[EndTime "23:20:22 PDT"]
[Termination "KeithArkell won by resignation"]

1. e4 c6 2. Nf3 d5 3. exd5 cxd5 4. Nc3 Nc6 5. Bb5 Nf6 6. Bxc6+ bxc6 7. O-O Bg4 8. h3 Bh5 9. d3 e6 10. Bg5 Be7 11.
Bxf6 Bxf6 12. a3 Rb8 13. Rb1 O-O 14. Kh2 Qa5 15. Qd2 Bxf3 16. gxf3 Rxb2 17. Rxb2 Bxc3 18.
Qc1 Bxb2 19. Qxb2 Qb6 20. Kg3 Qxb2 21. Rg1 Qf6 0-1